 Dungeon Crawl Stone Soup version 0.18.1-5-g4a78601 (webtiles) character file.

305 HectorRamtar the Conjurer (level 6, -1/41 HPs)
             Began as a Mummy Wizard on May 13, 2016.
             Splashed by a jelly's acid (8 damage)
             ... on level 4 of the Dungeon.
             The game lasted 00:20:45 (6595 turns).

HectorRamtar the Conjurer (Mummy Wizard)            Turns: 6595, Time: 00:20:46

Health: -1/41      AC: -1    Str: 11    XL:     6   Next: 16%
Magic:  2/10       EV: 12    Int: 19    God:
Gold:   212        SH:  0    Dex: 10    Spells: 3 memorised, 4 levels left

rFire  x . .     SeeInvis .     o - +2 quarterstaff (chaos)
rCold  + . .     Gourm    .     l - +0 robe (curse)
rNeg   + + +     Faith    .     (shield currently unavailable)
rPois  ∞         Spirit   .     m - +0 hat
rElec  .         Dismiss  .     p - +2 cloak
rCorr  .         Reflect  .     f - +0 pair of gloves
SustAt .         Harm     .     k - +0 pair of boots
MR     .....                    (no amulet)
Stlth  ++........               (no ring)
                                (no ring)

@: corroded, very slightly contaminated, not resistant to hostile enchantments,
unstealthy
A: no food or potions, fire vulnerability, cold resistance 1, negative energy
resistance 3, torment resistance, unbreathing
a: no special abilities


You were on level 4 of the Dungeon.
You were not hungry.

You visited 1 branch of the dungeon, and saw 4 of its levels.

You collected 212 gold pieces.

Inventory:

Hand Weapons
 a - a +0 dagger
 b - a +0 spear
 o - a +2 quarterstaff of chaos (weapon)
Armour
 f - a +0 pair of gloves (worn)
 k - a +0 pair of boots (worn)
 l - a cursed +0 robe (worn)
 m - a +0 hat (worn)
 p - a +2 cloak (worn)
Jewellery
 r - an uncursed ring of see invisible {unknown}
Scrolls
 d - 4 scrolls of identify {unknown}
 e - 3 scrolls of remove curse {unknown}
 g - a scroll of random uselessness {unknown}
 h - 2 scrolls of amnesia {unknown}
 i - 3 scrolls of noise {unknown}
 j - a scroll of immolation {unknown}
 n - a scroll of magic mapping {unknown}
 q - a scroll of fear {unknown}
Books
 c - a book of Minor Magic

   Spells                             Type                      Level
   a - Magic Dart                     Conjuration                  1
   b - Blink                          Translocation                2
   c - Call Imp                       Summoning                    2
   d - Repel Missiles                 Charms/Air                   2
   e - Slow                           Hexes                        2
   f - Conjure Flame                  Conjuration/Fire             3
   g - Mephitic Cloud                 Conjuration/Poison/Air       3


   Skills:
 + Level 3.1 Dodging
 - Level 1.5 Stealth
 - Level 3.0 Spellcasting
 * Level 3.9 Conjurations
   Level 0.7 Summonings
   Level 0.7 Translocations
 + Level 1.6 Poison Magic


You had 4 spell levels left.
You knew the following spells:

 Your Spells              Type           Power        Failure   Level  Hunger
a - Magic Dart            Conj           ###.         3%          1    N/A
b - Conjure Flame         Conj/Fire      ##......     21%         3    N/A
c - Mephitic Cloud        Conj/Pois/Air  #.......     21%         3    N/A

Dungeon Overview and Level Annotations

Branches:
Dungeon (4/15)
 Temple: D:4-7

Altars:
Cheibriados
Sif Muna

Annotations:
D:4 Robin, Sigmund


Innate Abilities, Weirdness & Mutations

You do not eat or drink.
Your flesh is vulnerable to fire.
You are immune to poison.
Your flesh is cold resistant.
You are immune to negative energy.
You are immune to unholy pain and torment.
You can survive without breathing.


Message History

You see here an iguana corpse.
Casting: Conjure Flame
Confirm with . or Enter, or press ? or * to list all spells.
Aiming: Magic Dart
Press: ? - help, Shift-Dir - straight line, f - jelly
Aim: a jelly (severely wounded)
The magic dart hits the jelly.
The jelly is almost dead.
The jelly barely misses you.
Casting: Magic Dart
Confirm with . or Enter, or press ? or * to list all spells.
Aiming: Magic Dart
Press: ? - help, Shift-Dir - straight line, f/p - jelly
Aim: a jelly (almost dead)
The magic dart hits the jelly.
The jelly is almost dead.
The jelly hits you.
* * * LOW HITPOINT WARNING * * *
You are splashed with acid!
The acid burns!
You die...

........##..#
......#.###.# ...h..#.#
#.## ....J #.# #..#
..... #.# ##.## .... #.#
#..# .... #.# ##.#
#.###.#####.########
#+##
#.....†.J@..........
...# #####.######.######
...# #.............#
#...# ...#
#.#.###..##.#.# #...#
...# #.#.........#.#
#...# ..†#
#.#.##.#.##...# #...#...
#..### #.####.#.##...#
#...#.<. #....#
#......#(##...# #...##..
#.##.#
#.######.....)###...##..


You could see a jelly.

Vanquished Creatures
  Crazy Yiuf (D:2)
  3 iguanas (D:4)
  6 adders
  4 gnolls (D:4)
  A river rat (D:3)
  An adder skeleton (D:3)
  4 worms
  2 dart slugs
  4 giant geckos
  2 orcs (D:3)
  A ball python (D:3)
  2 giant cockroaches
  13 goblins
  9 hobgoblins
  8 jackals
  A quokka (D:2)
  3 bats
  5 giant newts
  5 kobolds
  9 rats
84 creatures vanquished.

Notes
Turn   | Place    | Note
--------------------------------------------------------------
     0 | D:1      | HectorRamtar the Mummy Wizard began the quest for the Orb.
     0 | D:1      | Reached XP level 1. HP: 13/13 MP: 4/4
   124 | D:1      | Reached skill level 1 in Conjurations
   255 | D:1      | Reached XP level 2. HP: 16/19 MP: 0/6
  2136 | D:1      | Reached XP level 3. HP: 2/24 MP: 0/7
  2141 | D:1      | Learned a level 3 spell: Conjure Flame
  2145 | D:1      | Learned a level 3 spell: Mephitic Cloud
  3730 | D:2      | HP: 1/24 [adder (1)]
  4052 | D:2      | Reached XP level 4. HP: 20/30 MP: 2/8
  4234 | D:2      | Noticed Crazy Yiuf
  4259 | D:2      | Killed Crazy Yiuf
  5182 | D:3      | Reached XP level 5. HP: 18/35 MP: 3/9
  5985 | D:4      | Reached skill level 1 in Poison Magic
  6158 | D:4      | Noticed Robin
  6164 | D:4      | Noticed Sigmund
  6347 | D:4      | Found a snail-covered altar of Cheibriados.
  6348 | D:4      | Found a deep blue altar of Sif Muna.
  6467 | D:4      | Reached XP level 6. HP: 41/41 MP: 5/10
  6595 | D:4      | Splashed by a jelly's acid

Skill      XL: |  1  2  3  4  5 |
---------------+----------------+-----
Conjurations   | 1 2 3 |  3.9
Dodging        | 2 3 |  3.1
Poison Magic   | 1 |  1.6
Stealth        | |  1.5
Spellcasting   | |  3.0
Summonings     | |  0.7
Translocations | |  0.7

Action                   |  1- 3 |  4- 6 || total
-------------------------+-------+-------++-------
Melee: Club              |    11 |       ||    11
       Dagger            |    27 |    17 ||    44
       Spear             |    56 |       ||    56
       Quarterstaff      |       |    81 ||    81
 Cast: Magic Dart        |    79 |    51 ||   130
       Mephitic Cloud    |     5 |    18 ||    23
       Conjure Flame     |       |     1 ||     1
 Stab: Confused          |     2 |     6 ||     8
       Sleeping          |     2 |     1 ||     3
Armor: Robe              |    20 |    34 ||    54
Dodge: Dodged            |    72 |    43 ||   115
